 Dungeon Crawl Stone Soup version 0.28.0 (webtiles) character file.

Game seed: 11959512120741522723

7420 Renzlar the Blocker (level 11, 89/89 HPs)
             Began as a Gnoll Fighter on Feb 2, 2022.
             Was an Elder of Okawaru.
             Quit the game on level 9 of the Dungeon on Feb 5, 2022.
             The game lasted 00:43:50 (11957 turns).

Renzlar the Blocker (Gnoll Fighter)                Turns: 11957, Time: 00:43:50

Health: 89/89      AC: 15    Str: 18    XL:     11   Next: 15%
Magic:  20/20      EV: 13    Int: 10    God:    Okawaru [****..]
Gold:   520        SH:  6    Dex: 11    Spells: 15/22 levels left

rFire   . . .      SeeInvis .   c - +4 hunting sling
rCold   . . .      Faith    .   g - +0 buckler
rNeg    . . .      Spirit   .   t - +3 steam dragon scales
rPois   .          Reflect  .   w - +0 helmet
rElec   .          Harm     .   B - +0 cloak
rCorr   .          Rampage  .   s - +1 pair of gloves
Will    .....                   (no boots)
Stlth   +++.......              (no amulet)
HPRegen 0.24/turn               (no ring)
MPRegen 0.17/turn               (no ring)

@: no status effects
A: fangs 1, strong nose, distributed training
a: Renounce Religion, Heroism, Finesse


You were on level 9 of the Dungeon.
You worshipped Okawaru.
Okawaru was greatly pleased with you.
You visited 1 branch of the dungeon, and saw 9 of its levels.

You collected 520 gold pieces.

Inventory:

Hand Weapons
 a - a +1 war axe
 c - a +4 hunting sling (weapon)
 f - a +1 short sword of freezing
 h - a +0 long sword of flaming
 A - a +5 dagger
Missiles
 e - 106 stones (quivered ammo)
 i - 30 poisoned darts
 l - 125 bolts
 q - 84 sling bullets
 F - 4 throwing nets
 H - a curare-tipped dart
Armour
 g - a +0 buckler (worn)
 o - a +0 chain mail
 s - a +1 pair of gloves (worn)
 t - +3 steam dragon scales (worn)
 w - a +0 helmet (worn)
 B - a +0 cloak (worn)
Jewellery
 r - a ring of flight
 C - a ring of ice
Wands
 j - a wand of flame (16)
 v - a wand of iceblast (8)
 y - a wand of digging (8)
Scrolls
 b - a scroll of fear
 n - 2 scrolls of amnesia
 p - a scroll of teleportation
 u - a scroll of magic mapping
 x - a scroll of fog
 D - a scroll of enchant armour
Potions
 d - a potion of might
 k - 4 potions of curing
 m - 5 potions of heal wounds
 z - a potion of lignification {unknown}
 E - a potion of haste


   Skills:
 + Level 9.0 Fighting
 + Level 6.0 Short Blades
 + Level 6.0 Long Blades
 + Level 7.6 Axes
 + Level 6.0 Maces & Flails
 + Level 6.0 Polearms
 + Level 6.0 Staves
 + Level 6.0 Slings
 + Level 6.0 Bows
 + Level 6.0 Crossbows
 + Level 6.0 Throwing
 + Level 9.0 Armour
 + Level 6.0 Dodging
 + Level 6.0 Stealth
 + Level 9.0 Shields
 + Level 6.0 Unarmed Combat
 + Level 6.0 Spellcasting
 + Level 5.0 Conjurations
 + Level 5.0 Hexes
 + Level 5.0 Summonings
 + Level 5.0 Necromancy
 + Level 5.0 Translocations
 + Level 5.0 Transmutations
 + Level 5.0 Fire Magic
 + Level 5.0 Ice Magic
 + Level 5.0 Air Magic
 + Level 5.0 Earth Magic
 + Level 5.0 Poison Magic
 + Level 6.6 Invocations
 + Level 6.0 Evocations


You had 15 spell levels left.
You knew the following spells:

 Your Spells              Type           Power      Damage    Failure   Level
a - Frozen Ramparts       Ice            26%        1d4       10%         3
b - Anguish               Hex/Necr       6%         N/A       32%         4

Your spell library contained the following spells:

 Spells                   Type           Power      Damage    Failure   Level
 Freeze                   Ice            52%        1d7       3%          1
 Sting                    Tmut/Pois      52%        1d5       3%          1
 Ensorcelled Hibernation  Hex/Ice        26%        N/A       4%          2
 Poisonous Vapours        Pois/Air       26%        N/A       4%          2
 Dazzling Flash           Conj/Hex       26%        N/A       10%         3
 Mephitic Cloud           Conj/Pois/Air  13%        N/A       10%         3
 Spider Form              Tmut/Pois      13%        N/A       10%         3
 Swiftness                Air            13%        N/A       10%         3
 Hailstorm                Conj/Ice       13%        3d5       32%         4
 Iskenderun's Mystic Bla  Conj/Tloc      13%        2d5       32%         4
 Starburst                Conj/Fire      6%         6d4       99%         6
 Summon Lightning Spire   Summ/Air       Unusable   N/A       N/A         4

Dungeon Overview and Level Annotations

Branches:
Dungeon (9/15)             Temple (0/1) D:7            Lair (0/6) D:9
    Orc (0/2) D:9

Altars:
Ashenzari
Cheibriados
Elyvilon
Hepliaklqana
Makhleb
Nemelex Xobeh
Okawaru
Qazlal
Sif Muna
Uskayaw
Xom

Shops:
D:8 (


Innate Abilities, Weirdness & Mutations

You have very sharp teeth.
Your uncanny sense of smell can sniff out nearby items.
Your experience applies equally to all skills.


Message History

e - 93 stones (gained 1)
You see here a +0 war axe.
e - 94 stones (gained 1)
e - 97 stones (gained 3)
Things that are here:
a +0 club; a +0 leather armour; an orc skeleton
e - 98 stones (gained 1)
You see here a +0 dagger.
e - 100 stones (gained 2)
Things that are here:
a +3 vorpal falchion; an orc skeleton
e - 101 stones (gained 1)
e - 103 stones (gained 2)
e - 106 stones (gained 3)
Things that are here:
a scroll of immolation; 12 arrows; a +0 shortbow You see here a +0 halberd.
You see here a +2 dagger of speed.
Items here: )) [[.
Items here: ))) [.
There is a stone staircase leading down here.
An orc comes into view.
It is wielding a +0 hand axe and quivering poisoned darts.
You shoot a stone. The stone barely misses the orc.
You shoot a stone. The stone hits the orc!
You kill the orc!
Okawaru accepts your kill.
e - 105 stones (gained 1);
i - 30 poisoned darts (gained 3)
You now have 520 gold pieces (gained 14).
Things that are here:
a +0 hand axe; a +0 scale mail; an orc corpse
e - 106 stones (gained 1)
Things that are here:
a +0 hand axe; a +0 scale mail; an orc corpse Partly explored, can't reach some items.
(D) Dungeon (T) Temple (L) Lair (O) Orcish Mines
Where to? (? - help)
Okay, then.
You have 520 gold pieces.
Okay, then.
Are you sure you want to abandon this character and quit the game? (Confirm with "yes".)

#...........#..........#.####
#####).)........#.....##.#.#.#
#
...)............#.....##...#.#
#
.####...........########.....#
# .# ############# ###>### .#
#.#
)#########################.#
..#.#.#.#.#.#.#.#.#.#.#.#..#
.#.#.#.#.#.#.#.#@#.#.#.#.#.#
..###.###.###.###.###.###..#
.#.#.#.#.#.#.#.#.#.#.#.#.#.#
..#.#.#.#.#.#.#.#.#.#.#.#..#
############################


There were no monsters in sight!

Vanquished Creatures
  A hydra (D:9)
  Harold (D:8)
  Maggie (D:6)
  A polar bear (D:8)
  Prince Ribbit (D:8)
  2 wyverns
  3 yaks (D:8)
  Eustachio (D:5)
  2 steam dragons
  Duvessa (D:6)
  A sky beast (D:8)
  6 orc warriors (D:9)
  2 black bears
  A necrophage (D:4)
  2 ogres (D:6)
  A centaur (D:9)
  5 kobold brigands
  A phantom (D:4)
  A bullfrog (D:7)
  A gnoll sergeant (D:9)
  2 wyvern zombies
  2 scorpions
  Dowan (D:6)
  5 killer bees (D:8)
  9 wights
  5 electric eels
  A howler monkey (D:7)
  3 centaur zombies
  A wyvern simulacrum (D:8)
  10 orc priests
  3 jellies
  3 hounds
  2 centaur skeletons
  2 gnoll shamans
  Jessica (D:2)
  An iguana (D:5)
  9 orc wizards
  Natasha (D:2)
  A killer bee zombie (D:8)
  A centaur simulacrum (D:8)
  A hound skeleton (D:4)
  4 adders (D:4)
  13 gnolls
  2 shadow imps
  4 white imps
  2 ufetubi
  An adder skeleton (D:3)
  3 worms (D:2)
  5 dart slugs
  31 orcs
  11 ball pythons
  3 bats
  9 endoplasms
  6 giant cockroaches
  7 goblins
  5 hobgoblins
  A quokka (D:2)
  5 frilled lizards
  21 kobolds
  8 rats
240 creatures vanquished.

Vanquished Creatures (others)
  A white imp (D:8)
  A fungus (D:9)
  8 plants
10 creatures vanquished.

Grand Total: 250 creatures vanquished

Notes
Turn   | Place    | Note
-------+----------+-------------------------------------------
     0 | D:1      | Renzlar the Gnoll Fighter began the quest for the Orb.
     0 | D:1      | Reached XP level 1. HP: 23/23 MP: 1/1
    22 | D:1      | Reached XP level 2. HP: 23/29 MP: 2/2
   407 | D:1      | Reached XP level 3. HP: 35/35 MP: 3/3
   594 | D:1      | Reached skill level 1 in Invocations
  1040 | D:2      | Noticed Natasha
  1046 | D:2      | Killed Natasha
  1047 | D:2      | Reached skill level 1 in Short Blades
  1047 | D:2      | Reached skill level 1 in Long Blades
  1047 | D:2      | Reached skill level 1 in Maces & Flails
  1047 | D:2      | Reached skill level 1 in Polearms
  1047 | D:2      | Reached skill level 1 in Staves
  1047 | D:2      | Reached skill level 1 in Slings
  1047 | D:2      | Reached skill level 1 in Bows
  1047 | D:2      | Reached skill level 1 in Crossbows
  1047 | D:2      | Reached skill level 1 in Throwing
  1047 | D:2      | Reached skill level 1 in Dodging
  1047 | D:2      | Reached skill level 1 in Stealth
  1047 | D:2      | Reached skill level 1 in Unarmed Combat
  1047 | D:2      | Reached skill level 1 in Spellcasting
  1047 | D:2      | Reached skill level 1 in Evocations
  1047 | D:2      | Reached XP level 4. HP: 38/41 MP: 5/5
  1086 | D:2      | Got Sif Muna's Volume of Rotation
  1495 | D:2      | Noticed Jessica
  1505 | D:2      | Killed Jessica
  1506 | D:2      | Reached skill level 1 in Conjurations
  1506 | D:2      | Reached skill level 1 in Hexes
  1506 | D:2      | Reached skill level 1 in Summonings
  1506 | D:2      | Reached skill level 1 in Necromancy
  1506 | D:2      | Reached skill level 1 in Translocations
  1506 | D:2      | Reached skill level 1 in Transmutations
  1506 | D:2      | Reached skill level 1 in Fire Magic
  1506 | D:2      | Reached skill level 1 in Ice Magic
  1506 | D:2      | Reached skill level 1 in Air Magic
  1506 | D:2      | Reached skill level 1 in Earth Magic
  1506 | D:2      | Reached skill level 1 in Poison Magic
  1799 | D:2      | Reached XP level 5. HP: 47/47 MP: 6/6
  2207 | D:2      | Identified the +0 leather armour of the Hunter {rC+ Will-
                  | Stlth+}
  2390 | D:3      | Found a hide-covered altar of Uskayaw.
  2951 | D:4      | Noticed a phantom
  2963 | D:4      | Killed a phantom
  3051 | D:4      | Found a snail-covered altar of Cheibriados.
  3052 | D:4      | Found a white marble altar of Elyvilon.
  3052 | D:4      | Found a burning altar of Makhleb.
  3069 | D:4      | Found a hazy altar of Hepliaklqana.
  3069 | D:4      | Found a shimmering altar of Xom.
  3070 | D:4      | Found a sparkling altar of Nemelex Xobeh.
  3086 | D:4      | Reached XP level 6. HP: 49/53 MP: 8/8
  3193 | D:4      | Noticed a necrophage
  3210 | D:4      | Killed a necrophage
  3211 | D:4      | Reached skill level 5 in Axes
  3521 | D:4      | Reached XP level 7. HP: 45/59 MP: 10/10
  4074 | D:5      | Entered Level 5 of the Dungeon
  4085 | D:5      | Noticed Eustachio
  4102 | D:5      | Killed Eustachio
  4270 | D:5      | Reached XP level 8. HP: 60/67 MP: 12/12
  5176 | D:6      | Found an iron altar of Okawaru.
  5176 | D:6      | Found a stormy altar of Qazlal.
  5180 | D:6      | Became a worshipper of Warmaster Okawaru
  5518 | D:6      | Noticed Maggie
  5537 | D:6      | Killed Maggie
  5537 | D:6      | Reached * piety under Okawaru
  5538 | D:6      | Reached XP level 9. HP: 31/73 MP: 14/14
  5560 | D:6      | Learned a level 3 spell: Frozen Ramparts
  5839 | D:6      | Noticed Duvessa
  5844 | D:6      | Noticed Dowan
  5855 | D:6      | Killed Dowan
  5856 | D:6      | Killed Duvessa
  6849 | D:7      | Found a staircase to the Ecumenical Temple.
  6891 | D:7      | Reached ** piety under Okawaru
  7746 | D:8      | Reached skill level 5 in Invocations
  7796 | D:8      | Noticed a polar bear
  7811 | D:8      | Killed a polar bear
  8217 | D:8      | Reached XP level 10. HP: 79/80 MP: 17/17
  8348 | D:8      | Reached skill level 5 in Short Blades
  8348 | D:8      | Reached skill level 5 in Long Blades
  8348 | D:8      | Reached skill level 5 in Maces & Flails
  8348 | D:8      | Reached skill level 5 in Polearms
  8348 | D:8      | Reached skill level 5 in Staves
  8348 | D:8      | Reached skill level 5 in Slings
  8348 | D:8      | Reached skill level 5 in Bows
  8348 | D:8      | Reached skill level 5 in Crossbows
  8348 | D:8      | Reached skill level 5 in Throwing
  8348 | D:8      | Reached skill level 5 in Dodging
  8348 | D:8      | Reached skill level 5 in Stealth
  8348 | D:8      | Reached skill level 5 in Unarmed Combat
  8348 | D:8      | Reached skill level 5 in Spellcasting
  8348 | D:8      | Reached skill level 5 in Evocations
  8450 | D:8      | Reached *** piety under Okawaru
  8745 | D:8      | Noticed Prince Ribbit
  8767 | D:8      | Killed Prince Ribbit
  9313 | D:8      | Noticed Harold
  9339 | D:8      | Killed Harold
  9339 | D:8      | Received a gift from Okawaru
  9553 | D:8      | Found Yriralec's Antique Weapon Emporium.
  9572 | D:8      | Found a broken altar of Ashenzari.
  9754 | D:8      | Found a shimmering blue altar of Sif Muna.
  9856 | D:9      | Found a staircase to the Lair.
 10263 | D:9      | Reached **** piety under Okawaru
 10466 | D:9      | Upgraded the game from 0.28-b1-25-g9875b3fc8c to 0.28.0
 10830 | D:9      | Found a staircase to the Orcish Mines.
 10848 | D:9      | Reached XP level 11. HP: 80/87 MP: 19/19
 11326 | D:9      | Learned a level 4 spell: Anguish
 11579 | D:9      | Noticed a six-headed hydra
 11593 | D:9      | Killed a one-headed hydra
 11594 | D:9      | Reached skill level 5 in Conjurations
 11594 | D:9      | Reached skill level 5 in Hexes
 11594 | D:9      | Reached skill level 5 in Summonings
 11594 | D:9      | Reached skill level 5 in Necromancy
 11594 | D:9      | Reached skill level 5 in Translocations
 11594 | D:9      | Reached skill level 5 in Transmutations
 11594 | D:9      | Reached skill level 5 in Fire Magic
 11594 | D:9      | Reached skill level 5 in Ice Magic
 11594 | D:9      | Reached skill level 5 in Air Magic
 11594 | D:9      | Reached skill level 5 in Earth Magic
 11594 | D:9      | Reached skill level 5 in Poison Magic
 11957 | D:9      | Quit the game

Illustrated notes

Levels and vault maps discovered:
D:1:      eino_arrival_water_star, layout_rooms
D:2:      layout_basic, guppyfry_early_lair_pool, uniq_natasha, uniq_jessica
D:3:      layout_basic, nicolae_uskayaw_dance_hall
D:4:      minmay_angry_zag, layout_basic, grunt_temple_overflow_open
D:5:      layout_rooms, uniq_eustachio
D:6:      layout_loops_ring, gammafunk_temple_overflow_elements, uniq_duvessa,
          uniq_maggie
D:7:      layout_rooms, minmay_temple_entry_wispy, serial_curves,
          eino_curves_02, eino_curves_01, kennysheep_generic_room_8
D:8:      layout_layer_cave, tgw_sif, mainiacjoe_overflow_alcove_2, serial_ice,
          serial_ice_g, serial_ice_j, serial_ice_m, serial_ice_a, serial_shops,
          kennysheep_mini, st_stairs_3, uniq_harold, uniq_prince_ribbit1
D:9:      layout_basic, dpeg_oklobed_lair, erik_orc_2, roderic_roman_lattice

Skill      XL: |  1  2  3  4  5  6  7  8  9 10 11 |
---------------+----------------------------------+-----
Invocations    | 1 2 3 4 5 6 |  6.6
Short Blades   | 1 2 3 4 5 6 |  6.0
Long Blades    | 1 2 3 4 5 6 |  6.0
Maces & Flails | 1 2 3 4 5 6 |  6.0
Polearms       | 1 2 3 4 5 6 |  6.0
Staves         | 1 2 3 4 5 6 |  6.0
Slings         | 1 2 3 4 5 6 |  6.0
Bows           | 1 2 3 4 5 6 |  6.0
Crossbows      | 1 2 3 4 5 6 |  6.0
Throwing       | 1 2 3 4 5 6 |  6.0
Dodging        | 1 2 3 4 5 6 |  6.0
Stealth        | 1 2 3 4 5 6 |  6.0
Unarmed Combat | 1 2 3 4 5 6 |  6.0
Spellcasting   | 1 2 3 4 5 6 |  6.0
Evocations     | 1 2 3 4 5 6 |  6.0
Conjurations   | 1 2 3 4 5 |  5.0
Hexes          | 1 2 3 4 5 |  5.0
Summonings     | 1 2 3 4 5 |  5.0
Necromancy     | 1 2 3 4 5 |  5.0
Translocations | 1 2 3 4 5 |  5.0
Transmutations | 1 2 3 4 5 |  5.0
Fire Magic     | 1 2 3 4 5 |  5.0
Ice Magic      | 1 2 3 4 5 |  5.0
Air Magic      | 1 2 3 4 5 |  5.0
Earth Magic    | 1 2 3 4 5 |  5.0
Poison Magic   | 1 2 3 4 5 |  5.0
Axes           | 5 6 7 |  7.6
Fighting       | 7 8 9 |  9.0
Armour         | 7 8 9 |  9.0
Shields        | 7 8 9 |  9.0

Action                   |  1- 3 |  4- 6 |  7- 9 | 10-12 || total
-------------------------+-------+-------+-------+-------++-------
Melee: War axe           |   110 |   123 |   202 |   134 ||   569
       Bite              |     6 |    11 |    31 |    21 ||    69
       Long sword        |       |       |    26 |     8 ||    34
       Short sword       |       |       |    16 |    26 ||    42
 Fire: Hunting sling     |       |    52 |   169 |   203 ||   424
Throw: Stone             |     2 |       |       |       ||     2
       Dart              |       |       |     7 |     7 ||    14
 Cast: Frozen Ramparts   |       |       |       |    19 ||    19
Invok: Heroism           |       |       |     1 |       ||     1
Evoke: Wand              |       |       |       |     3 ||     3
  Use: Scroll            |       |     7 |     8 |     4 ||    19
       Potion            |       |       |     3 |       ||     3
Armor: Scale mail        |    32 |       |       |       ||    32
       Chain mail        |       |    65 |    70 |       ||   135
       Steam dragon scal |       |       |    59 |    63 ||   122
Dodge: Dodged            |    40 |    44 |   140 |   127 ||   351
Block: Buckler           |    26 |    30 |    75 |    63 ||   194
